 Dungeon Crawl Stone Soup version 0.29-a0-359-g541a27f54d (webtiles) character file.

Game seed: 10540452650237377788

58 Essalna the Ogre Mage (level 4, 0/63 HPs)
             Began as an Ogre Fire Elementalist on Apr 27, 2022.
             Succumbed to a kobold's poison
             ... on level 3 of the Dungeon.
             The game lasted 00:05:06 (2354 turns).

Essalna the Ogre Mage (Ogre Fire Elementalist)      Turns: 2354, Time: 00:05:07

Health: 0/63       AC:  5    Str: 12    XL:     4   Next: 2%
Magic:  2/8        EV:  9    Int: 18    God:
Gold:   108        SH:  0    Dex:  9    Spells: 6/9 levels left

rFire   . . .      SeeInvis .   l - +2 short sword (speed)
rCold   . . .      Faith    .   (no shield)
rNeg    . . .      Spirit   .   a - +0 robe
rPois   .          Reflect  .   (helmet restricted)
rElec   .          Harm     .   h - +1 cloak
rCorr   .          Rampage  .   (gloves unavailable)
Will    .....                   (boots unavailable)
Stlth   ..........              (no amulet)
HPRegen 0.20/turn               (no ring)
MPRegen 0.11/turn               (no ring)

@: berserking (expiring), lethally poisoned (0 -> -5), very quick
A: large, unfitting armour, tough skin 1
a: no special abilities


You were on level 3 of the Dungeon.
You visited 1 branch of the dungeon, and saw 3 of its levels.

You collected 108 gold pieces.

Inventory:

Hand Weapons
 l - a +2 short sword of speed (weapon)
Armour
 a - a +0 robe (worn)
 h - a +1 cloak (worn)
Magical Staves
 c - a staff of death
Scrolls
 d - 3 scrolls of enchant weapon {unknown}
 g - a scroll of vulnerability {unknown}
 i - 2 scrolls of identify {unknown}
 j - 2 scrolls of blinking {unknown}
 n - a scroll of summoning {unknown}
Potions
 b - 2 potions of magic
 f - a potion of flight {unknown}
 k - 2 potions of curing {unknown}
 m - 2 potions of ambrosia {unknown}
 o - a potion of heal wounds {unknown}
 p - a potion of might


   Skills:
 + Level 2.2 Fighting
 - Level 1.7 Dodging
 - Level 1.4 Stealth
 + Level 3.2 Spellcasting
 - Level 1.4 Conjurations
 + Level 0.6 Translocations
 - Level 3.0 Fire Magic


You had 6 spell levels left.
You knew the following spells:

 Your Spells              Type           Power      Damage    Failure   Level
a - Foxfire               Conj/Fire      44%        2x1d6     6%          1
b - Blink                 Tloc           10%        N/A       19%         2

Your spell library contained the following spells:

 Spells                   Type           Power      Damage    Failure   Level
 Scorch                   Fire           26%        2d6       7%          2
 Conjure Flame            Conj/Fire      11%        6-21      19%         3
 Ensorcelled Hibernation  Hex/Ice        4%         N/A       24%         2
 Inner Flame              Hex/Fire       8%         N/A       26%         3
 Spider Form              Tmut/Pois      2%         N/A       43%         3
 Flame Wave               Conj/Fire      11%        2d5       52%         4
 Anguish                  Hex/Necr       1%         N/A       85%         4
 Manifold Assault         Tloc           5%         N/A       97%         5
 Storm Form               Tmut/Air       1%         N/A       100%        7


Dungeon Overview and Level Annotations

Branches:
Dungeon (3/15)

Altars:

Annotations:
D:3 Robin


Innate Abilities, Weirdness & Mutations

You are too large for most types of armour.
You have tough skin. (AC +1)


Message History

The goblin goes into a battle-frenzy!
The kobold throws a poisoned dart.
The poisoned dart hits you!
You are poisoned.
You feel sick.
You feel sick.
The kobold throws a poisoned dart.
The poisoned dart hits you!
You are more poisoned.
* * * LOW HITPOINT WARNING * * *
You feel very sick.
The kobold throws a poisoned dart.
The poisoned dart hits you!
You are lethally poisoned!
* * * LOW HITPOINT WARNING * * *
You feel very sick.
It was a potion of berserk rage.
A red film seems to cover your vision as you go berserk!
You feel yourself moving faster!
You feel mighty!
* * * LOW HITPOINT WARNING * * *
You feel very sick.
The kobold throws a poisoned dart.
The poisoned dart closely misses you.
Robin roars a battlecry!
You are too berserk!
Unknown command.
You feel a strong urge to attack something.
* * * LOW HITPOINT WARNING * * *
You feel sick.
* * * LOW HITPOINT WARNING * * *
You feel sick.
You puncture the kobold!
You kill the kobold!
* * * LOW HITPOINT WARNING * * *
You feel sick.
* * * LOW HITPOINT WARNING * * *
You feel sick.
Robin says, "Feeling lonely?"
Robin throws the goblin at you! The goblin hits you with a +0 dagger.
* * * LOW HITPOINT WARNING * * *
Things that are here:
a +0 club; 3 poisoned darts; a kobold corpse You puncture the goblin!
You kill the goblin!
You die...

#......... # #...
##.......# .# #...
..##..)†#..#
####...#####.##gg#.#..#
......$....#.##gg.....#
.............g.gg#§#
...........#.###)..#
#...#####g# #.######...
#.....)@.g# #........#
#...####### #..#####.#
#..... #..# #.##.#
######..# # ..
......†.# .#.#
.#####..#####.# ..# ..
#......... #. ...
#.#.####.. .... #.#...


You could see Robin (strong) and a hobgoblin (strong).

Vanquished Creatures
  A dart slug (D:1)
  4 ball pythons
  4 endoplasms
  5 giant cockroaches
  10 goblins
  6 hobgoblins
  3 jackals (D:2)
  A quokka (D:2)
  5 bats
  7 kobolds
  4 rats
50 creatures vanquished.

Vanquished Creatures (others)
  54 foxfires
54 creatures vanquished.

Grand Total: 104 creatures vanquished

Notes
Turn   | Place    | Note
-------+----------+-------------------------------------------
     0 | D:1      | Essalna the Ogre Fire Elementalist began the quest for the
                  | Orb.
     0 | D:1      | Reached XP level 1. HP: 16/16 MP: 3/3
    47 | D:1      | Reached skill level 1 in Conjurations
   289 | D:1      | Reached XP level 2. HP: 25/26 MP: 2/5
   375 | D:1      | Reached skill level 1 in Fighting
  1039 | D:1      | Reached XP level 3. HP: 31/33 MP: 7/7
  1385 | D:2      | Learned a level 2 spell: Blink
  2322 | D:3      | Noticed Robin
  2339 | D:3      | Reached XP level 4. HP: 24/42 MP: 1/8
  2353 | D:3      | HP: 3/63 [poisoned by a kobold]
  2353 | D:3      | HP: 1/63 [goblin/+0 dagger[Robin] (2)]
  2354 | D:3      | Succumbed to a kobold's poison

Illustrated notes

Levels and vault maps discovered:
D:1:      amcnicky_arrival_choice, layout_loops_ring
D:2:      wad_pebble_path, layout_basic
D:3:      layout_loops_cross, serial_shops, shop_statue,
          nicolae_shop_hallway_plus, uniq_robin

Skill      XL: |  1  2  3 |
---------------+----------+-----
Conjurations   | 1 |  1.4
Fighting       | 1 2 |  2.2
Fire Magic     | 3 |  3.0
Spellcasting   | 3 |  3.2
Dodging        | |  1.7
Stealth        | |  1.4
Translocations | |  0.6

Action                   |  1- 3 |  4- 6 || total
-------------------------+-------+-------++-------
Melee: Staff             |    46 |       ||    46
       Short sword       |    78 |     2 ||    80
       Punch             |     2 |       ||     2
 Cast: Foxfire           |    35 |       ||    35
  Use: Potion            |       |     1 ||     1
 Stab: Sleeping          |     2 |       ||     2
Armor: Robe              |    54 |     3 ||    57
Dodge: Dodged            |    70 |     4 ||    74

Table legend: (Time is in decaauts)
 A = Elapsed time spent in this place.
 B = Non-inter-level travel time spent in this place.
 C = Inter-level travel time spent in this place.
 D = Time resting spent in this place.
 E = Time spent auto-exploring this place.
 F = Levels seen in this place.
 G = Mean time per level.
                   A        B        C        D        E       F      G
               +--------+--------+--------+--------+--------+-----+--------+
         Total |   2340 |   2279 |     61 |      0 |   1937 |   3 |  780.0 |
       Dungeon |   2340 |   2279 |     61 |      0 |   1937 |   3 |  780.0 |
               +--------+--------+--------+--------+--------+-----+--------+

Top non-repeatable levels by time:
     D:2: 1150 daAuts
     D:1: 1135 daAuts
     D:3: 54 daAuts
